 Dungeon Crawl Stone Soup version 0.17-a0-649-g87edefa (webtiles) character file.

8071 oplop the Frost Mage (level 11, -3/80 HPs)
             Began as a Merfolk Ice Elementalist on Mar 27, 2015.
             Was a High Priest of Okawaru.
             Killed by divine providence
             ... invoked by an orc priest
              (15 damage)
             ... on level 11 of the Dungeon on Apr 17, 2015.
             The game lasted 00:39:04 (11705 turns).

oplop the Frost Mage (Merfolk Ice Elementalist)    Turns: 11705, Time: 00:39:04

Health: -3/80      AC:  9    Str: 10    XL:     11   Next: 25%
Magic:  15/23      EV: 19    Int: 16    God:    Okawaru [*****.]
Gold:   304        SH:  0    Dex: 15    Spells: 7 memorised, 9 levels left

rFire  + . .     SeeInvis .     a - +4 glaive (flame)
rCold  + . .     Clarity  .     Y - +2 leather armour {rC+}
rNeg   + . .     SustAb   .     (no shield)
rPois  .         Gourm    .     s - +0 helmet
rElec  .         Spirit   .     l - +1 cloak
rCorr  .         Warding  +     (no gloves)
rMut   .         Stasis   .     (no boots)
MR     .....                    o - amulet of warding
Stlth  +++.......               r - ring of protection from fire
                                T - ring of wizardry

@: heroism, not resistant to hostile enchantments, fairly stealthy
A: change form in water, swift swim
a: Heroism, Finesse, Renounce Religion


You were on level 11 of the Dungeon.
You worshipped Okawaru.
Okawaru was extremely pleased with you.
You were very hungry.

You visited 2 branches of the dungeon, and saw 12 of its levels.

You collected 677 gold pieces.
You spent 373 gold pieces at shops.

Inventory:

Hand weapons
 a - a +4 glaive of flaming (weapon)
 b - a +0 blowgun
Missiles
 h - 13 curare-tipped needles
Armour
 l - a +1 cloak (worn)
 s - a +0 helmet (worn)
 u - a +1 leather armour of magic resistance
 Y - a +2 leather armour of cold resistance (worn)
Jewellery
 k - an uncursed ring of protection from magic
 o - an amulet of warding (around neck)
 r - a ring of protection from fire (right hand)
 y - an uncursed ring of protection from fire
 E - a +3 ring of intelligence
 M - an uncursed ring of flight
 S - an uncursed ring of positive energy
 T - a ring of wizardry (left hand)
 W - an uncursed ring of sustain abilities {unknown}
Magical devices
 j - a wand of fire (0)
 D - a wand of digging (11)
 H - a wand of random effects (9)
 J - a wand of hasting (6)
 L - a wand of confusion (23)
 V - a wand of teleportation (1)
Scrolls
 e - 12 scrolls of remove curse
 f - 8 scrolls of identify
 i - 4 scrolls of random uselessness
 p - 4 scrolls of teleportation
 w - a scroll of amnesia
 z - 2 scrolls of fear
 A - a scroll of blinking
Potions
 m - 2 potions of flight {unknown}
 n - 3 potions of lignification
 q - a potion of poison {unknown}
 t - 3 potions of curing {unknown}
 v - 2 potions of agility {unknown}
 x - 2 potions of restore abilities {unknown}
 B - a potion of resistance {unknown}
 C - a potion of magic
 K - a potion of haste {unknown}
 N - a potion of brilliance {unknown}
 P - 3 potions of cancellation
 Z - a potion of heal wounds
Comestibles
 c - 13 bread rations
 d - 6 slices of pizza
 g - 19 chunks of flesh
 O - 7 beef jerkies
 U - a meat ration


   Skills:
 + Level 5.2(10.2) Fighting
 * Level 10.7(15.7) Polearms
 + Level 7.6(12.6) Dodging
 - Level 2.1(7.1) Stealth
 - Level 8.9 Spellcasting
 - Level 0.7 Conjurations
 - Level 10.9 Ice Magic


You had 9 spell levels left.
You knew the following spells:

 Your Spells              Type           Power        Failure   Level  Hunger
a - Freeze                Ice            ####         1%          1    None
b - Ozocubu's Armour      Chrm/Ice       ###.....     1%          3    #......
c - Condensation Shield   Ice            #####.....   1%          4    ###....
d - Animate Skeleton      Necr           N/A          6%          1    None
e - Summon Ice Beast      Ice/Summ       ###.....     7%          4    ###....
f - Throw Icicle          Conj/Ice       ####....     6%          4    ###....
g - Apportation           Tloc           #.........   6%          1    None


Dungeon Overview and Level Annotations

Branches:
Dungeon (11/15)            Temple (1/1) D:6
   Lair: D:8-11         Orc: D:9-12

Altars:
Ashenzari
Cheibriados
Dithmenos
Elyvilon
Fedhas
Gozag
Kikubaaqudgha
Makhleb
Nemelex Xobeh
Okawaru
Qazlal
Ru
Sif Muna
Trog
Vehumet
Xom
Yredelemnul
Zin
The Shining One

Shops:
D:6 (

Annotations:
D:8 Erolcha


Message History

The orc warrior barely misses you.
Your gnoll skeleton hits the orc warrior but does no damage.
The orc priest hits your gnoll skeleton with a dagger.
Unknown command.
You hit the orc warrior but do no damage.
The orc warrior is almost dead.
The orc warrior hits you with a scimitar of protection!!
* * * LOW HITPOINT WARNING * * *
Your gnoll skeleton hits the orc warrior but does no damage.
Casting: Animate Skeleton
Confirm with . or Enter, or press ? or * to list all spells.
Aiming: Freeze
Press: ? - help, Shift-Dir - straight line, f/p - orc warrior
Aim: an orc warrior, wielding a scimitar of protection and wearing a plate armour (almost dead)
You freeze the orc warrior.
You kill the orc warrior!
Okawaru accepts your kill.
The orc priest calls down the wrath of Beogh upon you.
Something smites you!
You die...

*+*,*#...### *,****,,,♣P♣,,,,,≈≈*
**,*,##....##*** **,....(,,,,≈≈*
*,,,,*###...#########.....,,,≈≈≈*
*,,,,,,*###..').)'........,,,≈≈≈*
*,,,,,*,.*#>.#).)Z.....P...,,≈≈≈*
,,,,,,,,..####.)Z#.........,,,≈≈*
,,****,,.....#####.........,,,≈≈*
,,*,,',........ZZZ....####.,,,≈≈*
,,*,,*,......oo)@Z....+,,*,,,,≈≈*
,,****,.##'#..O####...#,,*,,,≈≈≈*
≈,,,,,,,*,,#...*,,+...#***,,,≈≈≈*
≈≈≈≈,,,,*,,#...*,,*.....,,,,≈≈≈≈*
≈≈≈≈,,,,***#...****.....,,,,≈≈≈≈*
≈≈≈≈,,,,,,,....,,,,....,,,,≈≈≈≈≈*
≈≈≈,≈≈≈≈≈,..≈..,,≈≈.,.,,,,,≈≈≈≈≈*
≈≈≈≈≈≈≈≈≈≈,≈≈≈≈≈≈≈,,≈≈≈≈≈,≈≈≈≈≈≈*
≈≈≈≈≈≈≈≈≈≈≈≈≈≈≈≈≈≈≈≈≈≈≈≈≈≈≈≈≈≈≈≈*


You could see an ogre, an orc priest, an orc, 3 friendly gnoll skeletons and a
friendly gnoll skeleton.

Vanquished Creatures
  A hill giant (D:10)
  The ghost of trelanon the Chiller, an experienced DEIE of Cheibriados (D:5)
  A troll (D:11)
  Prince Ribbit (D:7)
  A two-headed ogre (D:8)
  A wyvern (D:10)
  Eustachio (D:4)
  2 hippogriffs
  6 yaks
  2 water moccasins
  A phantom (D:11)
  A black bear (D:11)
  3 orc warriors
  4 ogres
  A sky beast (D:9)
  5 centaurs
  A crocodile (D:11)
  3 giant frogs
  5 scorpions
  5 killer bees (D:6)
  4 wights (D:10)
  A crimson imp (D:9)
  2 hounds (D:9)
  6 orc priests
  A giant frog skeleton (D:9)
  2 centaur skeletons
  7 iguanas
  2 jellies
  2 gnoll shamans (D:11)
  7 worker ants
  5 orc wizards
  3 sheep (D:11)
  2 hound zombies
  3 hound skeletons
  A worker ant zombie (D:10)
  8 adders
  11 gnolls
  A river rat (D:11)
  2 worms
  3 shadow imps
  An ooze (D:4)
  5 adder zombies
  5 adder skeletons
  39 orcs
  A bat zombie (D:11)
  3 giant cockroaches
  19 hobgoblins
  10 jackals
  4 quokkas
  2 ball pythons
  A ball python skeleton (D:4)
  22 bats
  6 giant geckos
  6 giant newts
  A giant spore (D:10)
  12 goblins
  21 kobolds
  A quokka zombie (D:11)
  18 rats
  3 rat zombies (D:11)
  4 ballistomycetes
303 creatures vanquished.

Vanquished Creatures (collateral kills)
  A cyclops (D:11)
  A komodo dragon (D:11)
  A troll (D:10)
  4 yaks
  A hippogriff (D:9)
  An ice beast (D:9)
  An orc warrior (D:10)
  A big kobold (D:11)
  A giant frog (D:7)
  A wyvern zombie (D:9)
  An orc wizard (D:10)
  A giant frog zombie (D:9)
  A wight (D:10)
  2 hounds (D:10)
  2 worker ants
  2 adders (D:9)
  4 gnolls (D:11)
  A shadow imp (D:10)
  3 orcs
  A bat zombie (D:7)
  A jackal (D:7)
  A quokka (D:10)
  2 bats (D:11)
  A rat (D:11)
  A rat zombie (D:11)
37 creatures vanquished.

Vanquished Creatures (others)
  A hill giant skeleton (D:10)
  8 ice beasts
  A komodo dragon skeleton (D:11)
  5 yak skeletons
  A troll skeleton (D:10)
  A centaur skeleton (D:10)
  A giant frog skeleton (D:7)
  A black bear skeleton (D:11)
  2 human skeletons (D:7)
  A big kobold skeleton (D:11)
  2 hound skeletons (D:9)
  3 sheep skeletons (D:11)
  A gnoll skeleton (D:11)
  An iguana skeleton (D:10)
  3 bat skeletons
  A giant spore (D:9)
  A hobgoblin skeleton (D:6)
  3 jackal skeletons (D:7)
  A kobold skeleton (D:11)
  5 orc skeletons
  2 rat skeletons (D:11)
  A fungus (D:11)
  3 plants (D:9)
49 creatures vanquished.

Grand Total: 389 creatures vanquished

Notes
Turn   | Place    | Note
--------------------------------------------------------------
     0 | D:1      | oplop, the Merfolk Ice Elementalist, began the quest for the Orb.
     0 | D:1      | Reached XP level 1. HP: 13/13 MP: 3/3
   481 | D:1      | Reached XP level 2. HP: 16/19 MP: 1/4
   933 | D:2      | Found a basalt altar of Yredelemnul.
  1094 | D:2      | Reached XP level 3. HP: 22/24 MP: 0/6
  1359 | D:2      | Upgraded the game from 0.17-a0-186-g8d083fd to 0.17-a0-649-g87edefa
  1689 | D:2      | Reached skill level 4 in Ice Magic
  1867 | D:2      | Learned a level 3 spell: Ozocubu's Armour
  2026 | D:3      | Reached XP level 4. HP: 30/30 MP: 8/8
  2049 | D:3      | Found a shadowy altar of Dithmenos.
  2093 | D:3      | Reached XP level 5. HP: 2/35 MP: 0/9
  2379 | D:3      | Found an opulent altar of Gozag.
  2491 | D:3      | Noticed an ice beast
  2765 | D:3      | Found a glowing golden altar of the Shining One.
  2765 | D:3      | Found a shattered altar of Ashenzari.
  2772 | D:3      | Found a bloodstained altar of Trog.
  2995 | D:4      | Reached XP level 6. HP: 28/41 MP: 4/11
  3004 | D:4      | Reached skill level 5 in Ice Magic
  3277 | D:4      | Noticed Eustachio
  3489 | D:4      | Found a burning altar of Makhleb.
  3492 | D:4      | Found a glowing silver altar of Zin.
  3492 | D:4      | Noticed a balrug
  3492 | D:4      | Noticed an angel
  3670 | D:5      | Entered Level 5 of the Dungeon
  3758 | D:5      | Noticed trelanon's ghost (experienced DEIE)
  3765 | D:5      | Reached XP level 7. HP: 15/46 MP: 1/13
  3934 | D:5      | Reached skill level 5 in Dodging
  3987 | D:5      | Reached skill level 6 in Ice Magic
  3997 | D:5      | Noticed a water moccasin
  4009 | D:5      | Killed a water moccasin
  4386 | D:5      | Reached skill level 5 in Polearms
  4439 | D:5      | Reached XP level 8. HP: 52/52 MP: 15/15
  4596 | D:6      | Found a staircase to the Ecumenical Temple.
  4612 | D:6      | Learned a level 4 spell: Condensation Shield
  4616 | Temple   | Entered the Ecumenical Temple
  4778 | Temple   | Became a worshipper of Warmaster Okawaru
  4812 | D:6      | Found Equtamp's Weapon Emporium.
  4955 | D:6      | Reached skill level 5 in Spellcasting
  5307 | D:6      | Bought a +3 glaive of flaming for 373 gold pieces
  5401 | D:6      | Reached skill level 7 in Ice Magic
  5688 | D:6      | Learned a level 1 spell: Animate Skeleton
  6273 | D:7      | Acquired Okawaru's first power
  6589 | D:7      | Noticed Prince Ribbit
  6672 | D:7      | Killed Prince Ribbit
  6672 | D:7      | Reached XP level 9. HP: 13/57 MP: 10/18
  6677 | D:7      | Reached skill level 8 in Ice Magic
  7076 | D:7      | Your ally Prince Ribbit died
  7517 | D:5      | Killed trelanon's ghost
  7517 | D:5      | Reached skill level 1 in Fighting
  7644 | D:4      | Killed Eustachio
  7716 | D:8      | Reached skill level 9 in Ice Magic
  8040 | D:8      | Found a stormy altar of Qazlal.
  8063 | D:8      | Noticed Erolcha
  8130 | D:9      | Got a crude great mace
  8131 | D:9      | Identified the +6 great mace of Watchfulness {crush, +Inv MR+ Str+2} (You found it on level 9 of the Dungeon)
  8455 | D:9      | Found a deep blue altar of Sif Muna.
  8514 | D:9      | Learned a level 4 spell: Summon Ice Beast
  8519 | D:9      | Learned a level 4 spell: Throw Icicle
  8521 | D:9      | Learned a level 1 spell: Apportation
  8591 | D:9      | Received a gift from Okawaru
  8594 | D:9      | Reached XP level 10. HP: 48/68 MP: 14/21
  8726 | D:9      | Found a blossoming altar of Fedhas.
  8727 | D:9      | Found an ancient bone altar of Kikubaaqudgha.
  9095 | D:10     | Entered Level 10 of the Dungeon
  9107 | D:10     | Noticed a hill giant
  9225 | D:10     | Killed a hill giant
  9225 | D:10     | Reached skill level 10 in Ice Magic
 11125 | D:11     | Acquired Okawaru's second power
 11171 | D:11     | Reached XP level 11. HP: 9/78 MP: 23/23
 11366 | D:11     | Noticed a cyclops
 11390 | D:11     | Killed a cyclops
 11450 | D:11     | Reached skill level 10 in Polearms
 11464 | D:11     | Received a gift from Okawaru
 11471 | D:11     | Reached skill level 5 in Fighting
 11705 | D:11     | Killed from afar by an orc priest

Action                   |  1- 3 |  4- 6 |  7- 9 | 10-12 || total
-------------------------+-------+-------+-------+-------++-------
Melee: Unarmed           |    24 |       |       |       ||    24
       Whip              |     1 |    29 |       |       ||    30
       Trident           |       |   127 |   137 |       ||   264
       Glaive            |       |       |   159 |   300 ||   459
 Cast: Freeze            |    61 |    64 |   102 |     8 ||   235
       Ozocubu's Armour  |       |     6 |    13 |    13 ||    32
       Animate Skeleton  |       |       |    15 |    33 ||    48
       Condensation Shie |       |       |     6 |    11 ||    17
       Summon Ice Beast  |       |       |       |    24 ||    24
       Throw Icicle      |       |       |       |     2 ||     2
Invok: Heroism           |       |       |       |     3 ||     3
Evoke: Wand              |       |       |     1 |       ||     1
  Use: Scroll            |     6 |       |     2 |     5 ||    13
       Potion            |       |     2 |     5 |       ||     7
 Stab: Sleeping          |       |     5 |     5 |       ||    10
       Distracted        |       |       |     1 |     3 ||     4
  Eat: Royal jelly       |     2 |       |       |       ||     2
       Chunk             |     1 |     1 |     9 |    10 ||    21
       Meat ration       |       |     1 |     1 |     1 ||     3
       Beef jerky        |       |       |     2 |       ||     2
